[Event "Titled Tuesday Blitz July 11 Early 2023"]
[White "Wernberg, Hugo"]
[Black "mjbacojo"]
[WhiteFideId "1737511"]
[WhiteElo "2303"]
[BlackElo "2581"]
[Result "1-0"]
[Round "1"]
[TimeControl "180+2"]
[Date "2023.07.11"]
[WhiteClock "0:01:05"]
[BlackClock "0:02:00"]
[Board "157"]

1. d4 Nf6 2. c4 e6 3. Nf3 d5 4. g3 Bb4+ 5. Bd2 O-O 6. Bxb4 Re8 7. c5 a5 8. Bc3 b5 9. cxb6 cxb6 10. a4 Nc6 11. Bg2 Ba6 12. O-O Ne4 13. Re1 Rc8 14. e3 Ne7 15. Bf1 Bb7 16. Bg2 h5 17. Nfd2 Nf6 18. h4 Nf5 19. Na3 Ng4 20. Bf3 Nfh6 21. Bxg4 Nxg4 22. Nf3 Ba6 23. Nb5 f6 24. Nh2 Nh6 25. Qxh5 Rc4 26. Ng4 Nf5 27. Qg6 Rf8 28. h5 Ne7 29. Nh6+ Kh8 30. Nf7+ Rxf7 31. Qxf7 Nf5 32. Qg6 Bc8 33. Rec1 e5 34. dxe5 fxe5 35. Bxe5 Qe7 36. Rxc4 dxc4 37. Rd1 Kg8 38. Bc3 Nxe3 39. Re1 1-0


[Site "https://www.chess.com"]

[Event "Titled Tuesday Blitz July 11 Early 2023"]
[White "Potapova, Margarita"]
[Black "Garrido, Denis"]
[WhiteFideId "14126869"]
[BlackFideId "601217"]
[WhiteElo "2579"]
[BlackElo "2303"]
[Result "0-1"]
[Round "1"]
[TimeControl "180+2"]
[Date "2023.07.11"]
[WhiteClock "0:01:08"]
[BlackClock "0:01:50"]
[Board "158"]

1. d4 Nf6 2. Bf4 g6 3. e3 Bg7 4. Nf3 O-O 5. h3 d6 6. Be2 Nc6 7. O-O Ne4 8. c3 e5 9. Bh2 f5 10. dxe5 dxe5 11. Nbd2 Nxd2 12. Nxd2 Kh8 13. Nc4 Qe7 14. a4 Be6 15. Qc2 f4 16. exf4 exf4 17. Nd2 Bxh3 18. Bf3 Bf5 19. Qb3 Rab8 20. Rfe1 Qg5 21. Ne4 Qh4 22. Nc5 Ne5 23. Rxe5 Bxe5 24. Re1 Bd6 25. Ne6 Rfe8 26. Qd5 Qf6 0-1


[Site "https://www.chess.com"]

[Event "Titled Tuesday Blitz July 11 Early 2023"]
[White "Lopez Idarraga, Daniel Eduardo"]
[Black "Ganiev, Roman"]
[WhiteFideId "4405501"]
[BlackFideId "4131452"]
[WhiteElo "2301"]
[BlackElo "2579"]
[Result "1-0"]
[Round "1"]
[TimeControl "180+2"]
[Date "2023.07.11"]
[WhiteClock "0:00:17"]
[BlackClock "0:00:08"]
[Board "159"]

1. e4 c5 2. Nf3 d6 3. Bb5+ Bd7 4. c4 a6 5. Bxd7+ Qxd7 6. Nc3 Nc6 7. O-O e6 8. d4 cxd4 9. Nxd4 Nf6 10. b3 Be7 11. Bb2 O-O 12. Qd2 Nxd4 13. Qxd4 Qc6 14. a4 Rfd8 15. a5 Rac8 16. Na4 Qxe4 17. Nb6 Qxd4 18. Bxd4 Rc6 19. Rfe1 Nd7 20. Nd5 Bf8 21. Nc3 Nc5 22. Rab1 Rdc8 23. Kf1 g6 24. Red1 Nd7 25. Ne4 f5 26. Ng5 e5 27. Be3 h6 28. Nf3 f4 29. Bc1 g5 30. Ba3 Kf7 31. h3 Ke6 32. Nd2 d5 33. cxd5+ Kxd5 34. Nf3+ Ke6 35. Bxf8 Rxf8 36. Rxd7 Kxd7 37. Nxe5+ Kc7 38. Nxc6 Kxc6 39. Re1 Rf5 40. Re6+ Kb5 41. Rb6+ Kxa5 42. Rxb7 Rb5 43. Rh7 Rxb3 44. Rxh6 Rb5 45. h4 g4 46. Rf6 g3 47. Rxf4 Rb1+ 48. Ke2 Rb2+ 49. Ke3 Rb3+ 50. Ke2 Rb2+ 51. Kd3 gxf2 52. g4 Kb5 53. h5 a5 54. h6 Rb3+ 55. Ke2 Rh3 56. Rf5+ Kb4 57. Rh5 Rb3 58. h7 Rb2+ 59. Kf1 a4 60. h8=Q a3 61. Qd4+ Kb3 62. Rb5+ Ka2 63. Qd5+ Ka1 64. Ra5 a2 65. Qd4 Kb1 66. Qd1# 1-0


[Site "https://www.chess.com"]

[Event "Titled Tuesday Blitz July 11 Early 2023"]
[White "Lana Rodriguez, David"]
[Black "Vifleemskaia, Svetlana"]
[WhiteFideId "2270803"]
[BlackFideId "4129490"]
[WhiteElo "2578"]
[BlackElo "2301"]
[Result "1-0"]
[Round "1"]
[TimeControl "180+2"]
[Date "2023.07.11"]
[WhiteClock "0:01:02"]
[BlackClock "0:00:00"]
[Board "160"]

1. e4 e5 2. Nf3 Nc6 3. Bb5 a6 4. Bxc6 dxc6 5. O-O Ne7 6. Nxe5 Qd4 7. Qh5 g6 8. Qg5 Bg7 9. Nf3 Qxe4 10. Re1 Qb4 11. b3 h6 12. Qe3 Be6 13. Ba3 Qa5 14. c3 Nd5 15. Qe2 O-O-O 16. Nd4 Bxd4 17. cxd4 Nf4 18. Qf3 Qf5 19. Re5 Qf6 20. Nc3 Nh3+ 21. Kf1 Qxf3 22. gxf3 Rxd4 23. Ne4 Rhd8 24. Bb2 R4d5 25. d4 Rxe5 26. dxe5 Bf5 27. Bc3 b6 28. Re1 Rd3 29. Re3 Rd1+ 30. Ke2 Ra1 31. Bxa1 1-0


[Site "https://www.chess.com"]

[Event "Titled Tuesday Blitz July 11 Early 2023"]
[White "Ardila, Oscar Humberto"]
[Black "Shohat, Yotam"]
[WhiteFideId "4404742"]
[BlackFideId "2813955"]
[WhiteElo "2300"]
[BlackElo "2577"]
[Result "0-1"]
[Round "1"]
[TimeControl "180+2"]
[Date "2023.07.11"]
[WhiteClock "0:00:13"]
[BlackClock "0:00:07"]
[Board "161"]

1. d4 Nf6 2. c4 g6 3. Nc3 Bg7 4. e4 O-O 5. Nf3 d6 6. Be2 c5 7. d5 Bg4 8. h3 Bxf3 9. Bxf3 Nbd7 10. O-O a6 11. Bf4 Ne8 12. Qd2 Nc7 13. Rfe1 b5 14. cxb5 axb5 15. a3 Nb6 16. Be2 Nc4 17. Qc1 Qb8 18. Rb1 Ne5 19. Bg5 Re8 20. f4 h6 21. fxe5 hxg5 22. exd6 exd6 23. Qxg5 b4 24. axb4 cxb4 25. Nd1 Qb6+ 26. Nf2 Bd4 27. Rf1 Rxe4 28. Bf3 Re5 29. Qh6 Rae8 30. Qh4 Nxd5 31. Rbd1 Ne3 32. Qxd4 Qxd4 33. Rxd4 Nxf1 34. Ng4 Ne3 35. Nf6+ Kg7 36. Nxe8+ Rxe8 37. Rxd6 Nc4 38. Rd4 Nxb2 39. Rxb4 Nd3 40. Rb7 Ne5 41. Bd5 Rd8 42. Bb3 Rd2 43. Kf1 g5 44. Rb5 f6 45. Rb7+ Kh6 46. Bg8 Nd3 47. Re7 Nf4 48. g3 Nd3 49. Bc4 Ne5 50. Bg8 Rh2 51. Kg1 Nf3+ 52. Kf1 Kg6 53. h4 gxh4 54. gxh4 Nxh4 55. Rh7 Kg5 56. Be6 Kf4 57. Rg7 Nf3 58. Bd5 Ke3 59. Bxf3 Kxf3 60. Ke1 Rh1+ 61. Kd2 f5 62. Rf7 f4 63. Rf6 Rf1 64. Rf7 Rf2+ 65. Ke1 Ra2 66. Rb7 Ra1+ 67. Kd2 Kf2 68. Rf7 f3 69. Rf6 Ra8 70. Rf7 Rd8+ 71. Kc1 Ke2 72. Re7+ Kf1 73. Rf7 f2 74. Rf6 Rg8 75. Kd2 Kg1 76. Ke2 Re8+ 77. Kd3 f1=Q+ 78. Rxf1+ Kxf1 0-1


[Site "https://www.chess.com"]

[Event "Titled Tuesday Blitz July 11 Early 2023"]
[White "Geivondian, Arman"]
[Black "Vaglio Munoz, Jaime"]
[WhiteFideId "24102032"]
[BlackFideId "6500145"]
[WhiteElo "2577"]
[BlackElo "2297"]
[Result "1-0"]
[Round "1"]
[TimeControl "180+2"]
[Date "2023.07.11"]
[WhiteClock "0:02:16"]
[BlackClock "0:00:22"]
[Board "162"]

1. e4 c5 2. Nf3 Qa5 3. Nc3 a6 4. a3 e6 5. d4 b5 6. Bd2 Qc7 7. d5 Bb7 8. Bg5 h6 9. Bh4 Qb6 10. Be2 g5 11. Bg3 Bg7 12. O-O Ne7 13. dxe6 dxe6 14. Qd6 Qxd6 15. Bxd6 Nd7 16. Rad1 Rc8 17. Nxb5 axb5 18. Bxb5 Bc6 19. Bxc6 Rxc6 20. c3 Nc8 21. Bg3 e5 22. Nd2 Ndb6 23. f3 O-O 24. Bf2 Ne7 25. Rfe1 Rb8 26. Nb3 Nc4 27. Nxc5 Rxb2 28. Nd3 Rc2 29. Nb4 Rxc3 30. Nxc6 Nxc6 31. Rc1 Rxc1 32. Rxc1 N6a5 33. Be1 Bf8 34. Bxa5 Nxa5 35. a4 Nb3 36. Rc8 Kg7 37. Kf1 Bc5 38. Ke2 Bd4 39. Rb8 Bc3 40. Rxb3 Ba5 41. Rb5 Bc3 42. a5 Bd4 43. a6 Kf8 44. Kd3 Ke7 45. Kc4 Kd6 46. Rb7 f5 47. exf5 h5 48. Rh7 Kc6 49. Rxh5 Kb6 50. Rh6+ Ka7 51. f6 e4 52. fxe4 Be3 53. f7 Bc5 54. Kxc5 g4 55. g3 Ka8 56. Kb6 Kb8 57. Rh8# 1-0


[Site "https://www.chess.com"]

[Event "Titled Tuesday Blitz July 11 Early 2023"]
[White "MunichMouse"]
[Black "Andreev, Konstantin"]
[BlackFideId "24239305"]
[WhiteElo "2295"]
[BlackElo "2576"]
[Result "0-1"]
[Round "1"]
[TimeControl "180+2"]
[Date "2023.07.11"]
[WhiteClock "0:00:13"]
[BlackClock "0:00:04"]
[Board "163"]

1. d4 Nf6 2. c4 e6 3. Nf3 d5 4. g3 Bb4+ 5. Bd2 a5 6. a3 Be7 7. Nc3 O-O 8. cxd5 exd5 9. Bg2 c6 10. O-O h6 11. e4 dxe4 12. Ne5 Qxd4 13. Bf4 Qxd1 14. Raxd1 Bf5 15. Rfe1 Nbd7 16. Nxd7 Nxd7 17. Nxe4 Rfe8 18. h3 Nc5 19. Nd6 Bxd6 20. Rxe8+ Rxe8 21. Bxd6 Nd3 22. g4 Bg6 23. Rd2 Re1+ 24. Kh2 Rb1 25. b4 axb4 26. axb4 Nxb4 27. f4 f5 28. Be5 fxg4 29. Rd8+ Kf7 30. Rd7+ Ke6 31. Rxg7 Bd3 32. Rxb7 gxh3 33. Bxh3+ Kd5 34. Rd7+ Kc4 35. Rd4+ Kc5 36. Rd6 Nd5 37. Rxh6 Be4 38. Kg3 Ne3 39. Bd7 Rf1 40. Rh2 Rf3+ 41. Kh4 Nd5 42. Kg5 Rg3+ 43. Kh6 Rg6+ 44. Kh5 Rg8 45. f5 Ne3 46. Rf2 Ng4 47. f6 Nxf2 48. f7 Rf8 49. Be6 Bd5 50. Bg7 Rxf7 51. Bxf7 Bxf7+ 52. Kg5 Ne4+ 53. Kf4 Nd6 54. Ke3 Bd5 55. Bd4+ Kc4 56. Bf6 Nf5+ 57. Kf4 Nd4 58. Ke5 c5 59. Be7 Nb5 60. Bxc5 Kxc5 61. Kf4 Nd4 62. Ke5 Nc6+ 63. Kf4 Kd4 64. Kf5 Be4+ 65. Kf6 Ne5 66. Ke6 Bd5+ 67. Kf6 Ke4 68. Kg5 Nd7 69. Kg6 Be6 70. Kg7 Ke5 71. Kg6 Kd6 72. Kg5 Ke5 73. Kg6 Nf6 74. Kg5 Bf5 75. Kh6 Ne4 76. Kg7 Ke6 77. Kh6 Nf6 78. Kg7 Be4 79. Kf8 Nd5 80. Kg7 Bf5 81. Kf8 Kf6 82. Kg8 Be6+ 83. Kh8 Ne7 84. Kh7 Nf5 85. Kh8 Ng7 86. Kh7 Bf7 87. Kh8 Ke6 88. Kh7 Kf6 89. Kh8 Nf5 90. Kh7 Ne7 91. Kh8 Be6 92. Kh7 Kf7 93. Kh8 Ng8 94. Kh7 Ne7 95. Kh8 Kf8 96. Kh7 Bg8+ 97. Kh8 Ng6# 0-1


[Site "https://www.chess.com"]

[Event "Titled Tuesday Blitz July 11 Early 2023"]
[White "Manukyan, Artyom"]
[Black "Mikhaylova, Irina"]
[WhiteFideId "13305786"]
[BlackFideId "4109040"]
[WhiteElo "2576"]
[BlackElo "2274"]
[Result "1-0"]
[Round "1"]
[TimeControl "180+2"]
[Date "2023.07.11"]
[WhiteClock "0:00:16"]
[BlackClock "0:00:20"]
[Board "164"]

1. e4 c5 2. Nc3 Nc6 3. Bb5 Nd4 4. Nf3 e6 5. O-O Ne7 6. Nxd4 cxd4 7. Ne2 Nc6 8. d3 a6 9. Ba4 Bc5 10. Bb3 O-O 11. f4 d6 12. Qe1 Na5 13. f5 Nxb3 14. axb3 f6 15. fxe6 Bxe6 16. Nf4 Bf7 17. Qg3 Kh8 18. Bd2 d5 19. exd5 Bxd5 20. Rae1 Qd7 21. Qh4 Kg8 22. b4 Bb6 23. Nxd5 Qxd5 24. Re7 Rf7 25. Rfe1 Raf8 26. Qg4 Bd8 27. Re8 Rxe8 28. Rxe8+ Rf8 29. Bh6 Qf7 30. Rxf8+ Qxf8 31. Bd2 Bb6 32. Qe6+ Qf7 33. Qxb6 Qe7 34. Qxd4 Kf7 35. Qc4+ Kg6 36. Qe4+ Qxe4 37. dxe4 f5 38. exf5+ Kxf5 39. Kf2 Ke4 40. Ke2 b5 41. b3 g6 42. c4 Kd4 43. c5 Kd5 44. Kd3 h5 45. h4 Ke5 46. g3 Kd5 47. Bf4 1-0


[Site "https://www.chess.com"]

[Event "Titled Tuesday Blitz July 11 Early 2023"]
[White "Liu, Kelsey"]
[Black "Streltsov, Alexey"]
[WhiteFideId "30944481"]
[BlackFideId "24104434"]
[WhiteElo "2268"]
[BlackElo "2576"]
[Result "0-1"]
[Round "1"]
[TimeControl "180+2"]
[Date "2023.07.11"]
[WhiteClock "0:00:04"]
[BlackClock "0:00:17"]
[Board "165"]

1. e4 c6 2. d4 d5 3. e5 Bf5 4. Nc3 e6 5. g4 Bg6 6. Nge2 c5 7. h4 h5 8. Nf4 Bh7 9. g5 Bf5 10. Nxh5 cxd4 11. Nb5 Nc6 12. Be2 Rxh5 13. Bxh5 Qa5+ 14. Qd2 Qxb5 15. f4 Bb4 16. c3 dxc3 17. bxc3 Qc4 18. cxb4 Qe4+ 19. Kf2 Qxh1 20. Bf3 Qxh4+ 21. Kg2 Bh3+ 22. Kg1 Qg3+ 23. Bg2 Nd4 24. Kh1 Nf3 25. Bxf3 Qxf3+ 26. Kh2 Bf5 27. Bb2 Rc8 28. Rc1 Qh3+ 29. Kg1 Qg3+ 30. Kh1 Be4+ 0-1


[Site "https://www.chess.com"]

[Event "Titled Tuesday Blitz July 11 Early 2023"]
[White "Sebag, Marie"]
[Black "Balint, Vilmos"]
[WhiteFideId "617822"]
[BlackFideId "718050"]
[WhiteElo "2575"]
[BlackElo "2265"]
[Result "0-1"]
[Round "1"]
[TimeControl "180+2"]
[Date "2023.07.11"]
[WhiteClock "0:00:14"]
[BlackClock "0:01:05"]
[Board "166"]

1. c4 f5 2. Nc3 Nf6 3. g3 g6 4. Bg2 Bg7 5. d3 c5 6. e3 O-O 7. Nge2 Nc6 8. Rb1 b6 9. O-O Bb7 10. a3 Na5 11. b4 Bxg2 12. Kxg2 Nb7 13. Bb2 d5 14. cxd5 Nxd5 15. Qb3 e6 16. e4 Nc7 17. Rbd1 Kh8 18. Nf4 Qe7 19. Rfe1 g5 20. Nh5 Bd4 21. Ne2 Rad8 22. Nxd4 cxd4 23. exf5 Rxf5 24. Re4 Qf7 25. Rd2 Rfd5 26. g4 Nd6 27. Rxd4 e5 28. Rxd5 Nxd5 29. Bxe5+ Kg8 30. Qd1 Qe6 31. d4 Nc4 32. Rd3 Nxe5 33. dxe5 Qxe5 34. Nf6+ Qxf6 35. Rxd5 Qc6 0-1


[Site "https://www.chess.com"]

[Event "Titled Tuesday Blitz July 11 Early 2023"]
[White "Kuchava, Ana"]
[Black "Leebit02"]
[WhiteFideId "13605348"]
[WhiteElo "2264"]
[BlackElo "2573"]
[Result "0-1"]
[Round "1"]
[TimeControl "180+2"]
[Date "2023.07.11"]
[WhiteClock "0:00:00"]
[BlackClock "0:00:10"]
[Board "167"]

1. d4 d5 2. Nf3 Nf6 3. c4 e6 4. Nc3 c6 5. e3 Nbd7 6. Bd3 dxc4 7. Bxc4 b5 8. Bd3 Bd6 9. O-O O-O 10. e4 e5 11. d5 cxd5 12. Nxb5 Bb8 13. Qc2 Bb7 14. Nc3 Nc5 15. exd5 Qd6 16. Ne4 Nfxe4 17. Bxe4 g6 18. Bh6 Re8 19. Rac1 Nxe4 20. Qxe4 Bxd5 21. Qh4 Bxf3 22. gxf3 Bc7 23. Rfd1 Qb6 24. Bg5 Re6 25. Rd7 Bd6 26. Rxf7 Kxf7 27. Qxh7+ Ke8 28. Qg8+ Bf8 29. Rd1 Qc6 30. Rd8+ Rxd8 31. Bxd8 Kxd8 32. Qxf8+ Kc7 33. Qf7+ Kb6 0-1


[Site "https://www.chess.com"]

[Event "Titled Tuesday Blitz July 11 Early 2023"]
[White "Gontcharov, Vladislav"]
[Black "tomobeast"]
[WhiteFideId "4123492"]
[WhiteElo "2573"]
[BlackElo "2264"]
[Result "1-0"]
[Round "1"]
[TimeControl "180+2"]
[Date "2023.07.11"]
[WhiteClock "0:00:59"]
[BlackClock "0:00:17"]
[Board "168"]

1. d4 Nf6 2. c4 e6 3. Nc3 Bb4 4. e3 c5 5. Ne2 O-O 6. a3 cxd4 7. axb4 dxc3 8. bxc3 d5 9. Ng3 Nc6 10. c5 Ne5 11. Be2 h6 12. O-O Qd7 13. Re1 Qc7 14. Bf1 b6 15. cxb6 Qxb6 16. e4 Neg4 17. Qe2 dxe4 18. h3 Ne5 19. Nxe4 Nxe4 20. Qxe4 Nc6 21. Be3 Qc7 22. b5 Na5 23. Qxa8 Bb7 24. Qxa7 Ra8 25. Qb6 1-0


[Site "https://www.chess.com"]

[Event "Titled Tuesday Blitz July 11 Early 2023"]
[White "Xavier_mompel"]
[Black "ArtemDyachuk"]
[WhiteElo "2261"]
[BlackElo "2572"]
[Result "0-1"]
[Round "1"]
[TimeControl "180+2"]
[Date "2023.07.11"]
[WhiteClock "0:01:03"]
[BlackClock "0:02:01"]
[Board "169"]

1. e4 c6 2. Nf3 d5 3. Nc3 Nf6 4. e5 Ne4 5. Ne2 g6 6. d4 Bg7 7. c3 O-O 8. Ng3 f6 9. exf6 exf6 10. Bd3 f5 11. O-O Nd7 12. Bxe4 dxe4 13. Ng5 Nf6 14. Qb3+ Qd5 15. Be3 h6 16. c4 Qd7 17. Nh3 g5 18. Ne2 f4 19. Bd2 f3 20. Ng3 fxg2 21. Rfe1 Qxh3 22. Nxe4 Nxe4 23. Qxh3 Bxh3 24. Rxe4 Rae8 25. Rae1 Kf7 26. R4e3 Rxe3 27. Rxe3 g4 28. Bc3 Rd8 29. f3 Rxd4 30. fxg4 Rd1+ 31. Re1 Bd4+ 0-1


[Site "https://www.chess.com"]

[Event "Titled Tuesday Blitz July 11 Early 2023"]
[White "Parpiev, Isaak"]
[Black "rionelG"]
[WhiteFideId "34281576"]
[WhiteElo "2572"]
[BlackElo "2257"]
[Result "1-0"]
[Round "1"]
[TimeControl "180+2"]
[Date "2023.07.11"]
[WhiteClock "0:00:16"]
[BlackClock "0:00:00"]
[Board "170"]

1. d4 Nf6 2. c4 g6 3. Nc3 Bg7 4. e4 O-O 5. Be2 d6 6. h4 c5 7. d5 e6 8. h5 exd5 9. exd5 Re8 10. Kf1 Bf5 11. h6 Bh8 12. Bg5 Qb6 13. b3 Ne4 14. Nxe4 Bxe4 15. Rc1 Na6 16. Qd2 Qb4 17. Qf4 Bf5 18. g4 Be5 19. Qf3 Bd7 20. Qd3 b5 21. cxb5 Nc7 22. a4 a6 23. bxa6 Rxa6 24. Nf3 Bh8 25. Rc4 Qb7 26. Nd2 Qxd5 27. Qxd5 Nxd5 28. Bf3 Nf6 29. Kg2 Rb6 30. Rd1 Be6 31. Rc2 Nxg4 32. Nc4 Rxb3 33. Nxd6 Reb8 34. Nb5 Ne5 35. Be4 Rb4 36. f3 1-0


[Site "https://www.chess.com"]

[Event "Titled Tuesday Blitz July 11 Early 2023"]
[White "Sala, Giulia"]
[Black "Prestia, Paris"]
[WhiteFideId "2840451"]
[BlackFideId "30925959"]
[WhiteElo "2256"]
[BlackElo "2571"]
[Result "0-1"]
[Round "1"]
[TimeControl "180+2"]
[Date "2023.07.11"]
[WhiteClock "0:01:51"]
[BlackClock "0:01:45"]
[Board "171"]

1. e4 c5 2. Nf3 d6 3. d4 cxd4 4. Nxd4 Nf6 5. f3 Nc6 6. c4 g6 7. Nc3 Bg7 8. Be3 O-O 9. Be2 Bd7 10. O-O Nxd4 11. Bxd4 Bc6 12. Rc1 Nd7 13. b4 b6 14. a4 Rc8 15. Bxg7 Kxg7 16. Qd4+ Kg8 17. f4 a5 18. b5 Bb7 19. Bg4 Rc5 20. Bxd7 Qxd7 21. Nd5 Bxd5 22. cxd5 Rfc8 23. Qd2 Qc7 24. Rxc5 Qxc5+ 25. Kh1 Qc4 26. Qe3 Qxf1+ 0-1


[Site "https://www.chess.com"]

[Event "Titled Tuesday Blitz July 11 Early 2023"]
[White "Chernomordik, Pavel"]
[Black "Magallanes, Rey Jomar"]
[WhiteFideId "2804530"]
[BlackFideId "5205948"]
[WhiteElo "2571"]
[BlackElo "2252"]
[Result "1-0"]
[Round "1"]
[TimeControl "180+2"]
[Date "2023.07.11"]
[WhiteClock "0:00:51"]
[BlackClock "0:01:07"]
[Board "172"]

1. e4 c5 2. Nc3 d6 3. f4 g6 4. Nf3 Nc6 5. Bb5 Bg7 6. O-O Nf6 7. d3 O-O 8. Bxc6 bxc6 9. Qe1 e5 10. fxe5 dxe5 11. Be3 Nd7 12. b3 f5 13. Na4 Qe7 14. Qc3 f4 15. Bxc5 Nxc5 16. Qxc5 Qe6 17. Qc4 h6 18. Qxe6+ Bxe6 19. Nc5 Bc8 20. Nd2 g5 21. Nc4 h5 22. Rad1 g4 23. c3 f3 24. d4 exd4 25. cxd4 Bh6 26. d5 cxd5 27. Rxd5 a5 28. Rxh5 Kg7 29. gxf3 gxf3 30. Kf2 Bg4 31. Rg1 Rf4 32. h3 Kg6 33. hxg4 Bg5 34. Ne5+ Kf6 35. Ned3 Rc8 36. Nxf4 Rxc5 37. Nd5+ Kg6 38. Kxf3 Rc2 39. Nf4+ Kf6 40. e5+ Kxe5 41. Rxg5+ Kd4 42. Rd1+ Kc3 43. Rc5+ Kb2 44. Nd3+ Ka3 45. Rxc2 a4 46. bxa4 Kxa4 47. Rb1 Ka3 48. Rb3+ Ka4 49. Rc4+ Ka5 50. g5 Ka6 51. Ra4# 1-0


[Site "https://www.chess.com"]

[Event "Titled Tuesday Blitz July 11 Early 2023"]
[White "Tsyhanchuk, Stanislav"]
[Black "Zubarev, Alexander"]
[WhiteFideId "13505130"]
[BlackFideId "14104385"]
[WhiteElo "2250"]
[BlackElo "2571"]
[Result "1-0"]
[Round "1"]
[TimeControl "180+2"]
[Date "2023.07.11"]
[WhiteClock "0:00:11"]
[BlackClock "0:00:00"]
[Board "173"]

1. e4 c5 2. Nf3 Nc6 3. d4 cxd4 4. Nxd4 Qb6 5. Nxc6 bxc6 6. c4 e5 7. Nc3 Bc5 8. Qc2 Nf6 9. Bd3 Bd4 10. O-O c5 11. Bg5 Bb7 12. Nb5 O-O 13. a4 a5 14. Kh1 h6 15. Bh4 g5 16. Bg3 Rfe8 17. Qe2 Bc6 18. f3 Nh5 19. Nd6 Re6 20. Nf5 Qxb2 21. Qxb2 Bxb2 22. Rab1 Nxg3+ 23. hxg3 Bc3 24. Bc2 Kh7 25. Kg1 Ree8 26. Kf2 Reb8 27. Rh1 Rxb1 28. Bxb1 Bd4+ 29. Ke2 Rb8 30. Rxh6+ Kg8 31. Bc2 Rb2 32. Kd1 Ra2 33. Ne7+ Kf8 34. Nxc6 dxc6 35. Rxc6 Ra1+ 36. Kd2 Rg1 37. Ra6 Rxg2+ 38. Kd3 Rxg3 39. Bd1 Rg1 40. Be2 Rg3 41. Rxa5 g4 42. Ra8+ Kg7 43. a5 gxf3 44. Bf1 Rg1 45. Bh3 Ra1 46. a6 f2 47. Ke2 Re1+ 48. Kd2 Ra1 49. a7 Kf6 50. Ke2 Re1+ 51. Kf3 1-0


[Site "https://www.chess.com"]

[Event "Titled Tuesday Blitz July 11 Early 2023"]
[White "Vlassov, Nikolai"]
[Black "De Souza, Cristiano Gomes"]
[WhiteFideId "4103360"]
[BlackFideId "2151758"]
[WhiteElo "2569"]
[BlackElo "2248"]
[Result "1-0"]
[Round "1"]
[TimeControl "180+2"]
[Date "2023.07.11"]
[WhiteClock "0:01:10"]
[BlackClock "0:00:15"]
[Board "174"]

1. e4 c5 2. c3 d6 3. d4 Nf6 4. Bd3 Qc7 5. f4 Bg4 6. Nf3 cxd4 7. cxd4 Bxf3 8. gxf3 Nbd7 9. Nc3 e6 10. Be3 a6 11. Rc1 Rc8 12. O-O Qb8 13. e5 Nh5 14. f5 dxe5 15. fxe6 fxe6 16. f4 Nxf4 17. Bxf4 exf4 18. Qh5+ Kd8 19. Qg5+ Be7 20. Qxg7 Bf6 21. Qg4 Ke7 22. Kh1 Rhg8 23. Qh3 Bxd4 24. Rce1 Bf6 25. Qxe6+ Kf8 26. Qxd7 Rd8 27. Qf5 Qd6 28. Re6 Qxd3 29. Qxf6# 1-0


[Site "https://www.chess.com"]

[Event "Titled Tuesday Blitz July 11 Early 2023"]
[White "Chemin, Justo Reinaldo"]
[Black "Soham Kamotra"]
[WhiteFideId "2101580"]
[BlackFideId "46647490"]
[WhiteElo "2247"]
[BlackElo "2568"]
[Result "0-1"]
[Round "1"]
[TimeControl "180+2"]
[Date "2023.07.11"]
[WhiteClock "0:00:00"]
[BlackClock "0:00:13"]
[Board "175"]

1. e4 Nf6 2. e5 Nd5 3. d4 d6 4. Nf3 c6 5. c4 Nb6 6. Nc3 Bg4 7. exd6 exd6 8. Be3 Be7 9. b3 O-O 10. Be2 Bf6 11. O-O Re8 12. Qd2 h6 13. h3 Bf5 14. a4 a5 15. Rac1 Na6 16. Rfe1 Nb4 17. Bf4 d5 18. c5 Nd7 19. Bf1 Nf8 20. Rxe8 Qxe8 21. Re1 Qd7 22. Be5 Be7 23. g4 Bh7 24. Qf4 Re8 25. Bd6 Bxd6 26. Qxd6 Rxe1 27. Nxe1 Qxd6 28. cxd6 f6 29. f4 Bc2 30. f5 Kf7 31. Ng2 Ke8 32. Nf4 Kd7 33. h4 Kxd6 34. g5 hxg5 35. hxg5 fxg5 36. Nh5 Bxf5 37. Nxg7 Bd7 38. Ne2 Ng6 39. Ng3 Nf4 40. N3f5+ Bxf5 41. Nxf5+ Ke6 42. Ng7+ Kf6 43. Ne8+ Ke7 44. Ng7 Nc2 45. Nf5+ Kf6 46. Ne3 Nxd4 47. Ng4+ Ke6 48. Ne3 Nxb3 49. Kf2 Nc5 50. Kf3 Nxa4 0-1


[Site "https://www.chess.com"]

[Event "Titled Tuesday Blitz July 11 Early 2023"]
[White "Dinosaurio_1975"]
[Black "Sarkar, Justin"]
[BlackFideId "2010011"]
[WhiteElo "2566"]
[BlackElo "2245"]
[Result "1-0"]
[Round "1"]
[TimeControl "180+2"]
[Date "2023.07.11"]
[WhiteClock "0:00:03"]
[BlackClock "0:00:00"]
[Board "176"]

1. e4 c5 2. Nf3 b6 3. d4 cxd4 4. Nxd4 Bb7 5. Nc3 a6 6. g3 Nf6 7. Bg2 e6 8. O-O d6 9. Re1 Nbd7 10. Nd5 Be7 11. Nxe7 Qxe7 12. Bg5 h6 13. Bxf6 Nxf6 14. Nf5 exf5 15. exf5 Ne4 16. Qd4 d5 17. Qxg7 O-O-O 18. Qg4 Qf6 19. c4 Qg5 20. Qh3 Rhe8 21. cxd5 Bxd5 22. Rad1 Nf6 23. Rxe8 Rxe8 24. Bxd5 Nxd5 25. Rxd5 Qc1+ 26. Kg2 Qc6 27. f6+ Kb8 28. Qf5 Rd8 29. Qe5+ Ka8 30. f3 Qxd5 31. Qe7 Qd7 32. Qe5 Qd2+ 33. Kh3 Qd7+ 34. g4 Qd6 35. Qe4+ Qd5 36. Qe7 Rd7 37. Qe8+ Kb7 38. Qh8 Qe6 39. Qxh6 Rd3 40. Qf4 Qd5 41. Kg3 Rd4 42. Qe3 Qd6+ 43. Kg2 Rd3 44. Qe4+ Qd5 45. Qe7+ Qd7 46. Qe4+ Rd5 47. g5 Ka7 48. f4 Rd4 49. Qe3 Rd2+ 50. Kg1 Rd1+ 51. Kg2 Rd2+ 52. Kg1 Rd3 53. Qe4 Rd1+ 54. Kg2 Qd2+ 55. Kh3 Qd3+ 56. Qxd3 Rxd3+ 57. Kg4 Kb7 58. h4 Kc7 59. h5 Kd7 60. h6 Rd1 61. f5 Ke8 62. g6 Kf8 63. h7 1-0


[Site "https://www.chess.com"]

[Event "Titled Tuesday Blitz July 11 Early 2023"]
[White "Onslow, Alfie"]
[Black "Nozdrachev, Leonid"]
[WhiteFideId "436976"]
[BlackFideId "24113433"]
[WhiteElo "2242"]
[BlackElo "2564"]
[Result "0-1"]
[Round "1"]
[TimeControl "180+2"]
[Date "2023.07.11"]
[WhiteClock "0:00:17"]
[BlackClock "0:02:06"]
[Board "177"]

1. e4 c6 2. Nf3 d5 3. d3 Qc7 4. Nc3 Nf6 5. Bg5 dxe4 6. dxe4 Bg4 7. h3 Bxf3 8. Qxf3 Nbd7 9. Be2 e6 10. O-O Bb4 11. Kh1 Qa5 12. Bd2 Rd8 13. Qg3 O-O 14. f4 Nc5 15. e5 Nfe4 16. Nxe4 Nxe4 0-1


[Site "https://www.chess.com"]

[Event "Titled Tuesday Blitz July 11 Early 2023"]
[White "Girya, Olga"]
[Black "Kopacz, Grzegorz"]
[WhiteFideId "4195752"]
[BlackFideId "1109880"]
[WhiteElo "2564"]
[BlackElo "2237"]
[Result "1-0"]
[Round "1"]
[TimeControl "180+2"]
[Date "2023.07.11"]
[WhiteClock "0:00:04"]
[BlackClock "0:00:00"]
[Board "178"]

1. d4 Nf6 2. Nf3 g6 3. Bg5 Bg7 4. Nbd2 d5 5. Bxf6 Bxf6 6. e4 dxe4 7. Nxe4 Bg7 8. Bc4 O-O 9. c3 b6 10. O-O Bb7 11. Qe2 Nd7 12. Rfe1 e6 13. Rad1 Qe7 14. Neg5 Qd6 15. Bb3 h6 16. Ne4 Bxe4 17. Qxe4 Nf6 18. Qe2 Nd5 19. Ne5 a5 20. a4 Rfd8 21. g3 Bxe5 22. dxe5 Qc5 23. h4 h5 24. Qe4 Ne7 25. Bc4 Nf5 26. Kg2 c6 27. Rd3 b5 28. axb5 cxb5 29. Ba2 Rxd3 30. Qxd3 b4 31. Qe4 Rc8 32. cxb4 Qxb4 33. Qxb4 axb4 34. Re4 b3 35. Bxb3 Rb8 36. Bd1 Rxb2 37. Bf3 Kg7 38. Rc4 Rb3 39. Be4 Rb2 40. Bxf5 exf5 41. Rc7 Re2 42. Rc5 Re4 43. Kf3 Re1 44. Kg2 Re4 45. f3 Re2+ 46. Kf1 Re3 47. Kf2 Ra3 48. Rc7 1-0


[Site "https://www.chess.com"]